TOP OF THE 1ST |
Portland Privateers batting - Pitching for Havana Rollers : RHP Fernando Castillo
|
Pitching: RHP Fernando Castillo
|
|
Batting: RHB Luis Pineda
|
0-0: Ball 1-0: Ground out 6-3 (Groundball, 6)
|
Batting: RHB Carlos Castro
|
0-0: Called Strike 0-1: Swinging Strike 0-2: Ground out 4-3 (Groundball, 4)
|
Batting: RHB José Balina
|
0-0: Foul Ball, location: 2F 0-1: Ball 1-1: Fly out, F9 (Flyball, 9S)
|
Top of the 1st over - 0 run(s), 0 hit(s), 0 error(s), 0 left on base; Portland 0 - Havana 0 |
BOTTOM OF THE 1ST |
Havana Rollers batting - Pitching for Portland Privateers : RHP Héctor Negrón
|
Pitching: RHP Héctor Negrón
|
|
Batting: LHB Rafael Delgado
|
0-0: Foul Ball, location: 2F 0-1: Foul Ball, location: 2F 0-2: Ball 1-2: Ball 2-2: Foul Ball, location: 2F 2-2: Fly out, F7 (Flyball, 7S)
|
Batting: RHB Jack Bailey
|
0-0: Called Strike 0-1: Ball 1-1: Ball 2-1: Foul Ball, location: 2F 2-2: SOLO HOME RUN (Flyball, 78XD), Distance : 409 ft
|
Batting: SHB Chris Bennis
|
0-0: Called Strike 0-1: Called Strike 0-2: Fly out, F7 (Flyball, 7S)
|
Batting: LHB Phil Smith
|
0-0: Foul Ball, location: 2F 0-1: Swinging Strike 0-2: Fly out, F9 (Flyball, 9)
|
Bottom of the 1st over - 1 run(s), 1 hit(s), 0 error(s), 0 left on base; Portland 0 - Havana 1 |
TOP OF THE 2ND |
Portland Privateers batting - Pitching for Havana Rollers : RHP Fernando Castillo
|
Batting: SHB Patrick Larson
|
0-0: Ball 1-0: Ground out 3-1 (Groundball, 34)
|
Batting: RHB Troy Lau
|
0-0: Ball 1-0: Called Strike 1-1: Swinging Strike 1-2: Strikes out swinging
|
Batting: LHB Juan Acotia
|
0-0: Fly out, F8 (Flyball, 8RM)
|
Top of the 2nd over - 0 run(s), 0 hit(s), 0 error(s), 0 left on base; Portland 0 - Havana 1 |
BOTTOM OF THE 2ND |
Havana Rollers batting - Pitching for Portland Privateers : RHP Héctor Negrón
|
Batting: RHB Soshu Nakamura
|
0-0: Swinging Strike 0-1: Ball 1-1: Called Strike 1-2: Strikes out swinging
|
Batting: SHB Edgardo Osorio
|
0-0: Called Strike 0-1: Ball 1-1: Foul Ball, location: 2F 1-2: Foul Ball, location: 2F 1-2: Ball 2-2: Strikes out swinging
|
Batting: RHB Yaichiro Sugahara
|
0-0: Called Strike 0-1: Ball 1-1: Ground out 6-3 (Groundball, 6)
|
Bottom of the 2nd over - 0 run(s), 0 hit(s), 0 error(s), 0 left on base; Portland 0 - Havana 1 |
TOP OF THE 3RD |
Portland Privateers batting - Pitching for Havana Rollers : RHP Fernando Castillo
|
Batting: LHB Pedro Padilla
|
0-0: Ball 1-0: Ball 2-0: Foul Ball, location: 2F 2-1: Foul Ball, location: 2F 2-2: Ball 3-2: DOUBLE (Line Drive, 9LD)
|
Batting: LHB Yasuhiko Onodera
|
0-0: Called Strike 0-1: Ground out U3 (Groundball, 3) Pedro Padilla to third
|
Batting: RHB Tomás Estrada
|
0-0: Foul Ball, location: 2F 0-1: SINGLE (Line Drive, 56D) Pedro Padilla scores
|
Batting: RHB Luis Pineda
|
0-0: Ball 1-0: Called Strike 1-1: SINGLE (Groundball, 4D) Tomás Estrada to second Runner from 2nd tries for 3rd, SAFE, throw made to third
|
Batting: RHB Carlos Castro
|
0-0: Ball 1-0: Ball 2-0: Fly out, F7 (Flyball, 78M) Runner from 3rd tags up, SCORES, no throw
|
Batting: RHB José Balina
|
0-0: Ball 1-0: Ground out 5-3 (Groundball, 56S)
|
Top of the 3rd over - 2 run(s), 3 hit(s), 0 error(s), 1 left on base; Portland 2 - Havana 1 |
BOTTOM OF THE 3RD |
Havana Rollers batting - Pitching for Portland Privateers : RHP Héctor Negrón
|
Batting: RHB Francisco Rincón
|
0-0: Ball 1-0: Swinging Strike 1-1: Ground out 4-3 (Groundball, 4)
|
Batting: LHB Juan Romero
|
0-0: Foul Ball, location: 2F 0-1: Fly out, F7 (Flyball, 7S)
|
Batting: LHB Rafael Delgado
|
0-0: Swinging Strike 0-1: Ball 1-1: Ball 2-1: Reached on error, E3 (Groundball, 34S)
|
Batting: RHB Jack Bailey
|
0-0: Ball 1-0: Called Strike Rafael Delgado is caught stealing 2nd base
|
Bottom of the 3rd over - 0 run(s), 0 hit(s), 1 error(s), 0 left on base; Portland 2 - Havana 1 |
TOP OF THE 4TH |
Portland Privateers batting - Pitching for Havana Rollers : RHP Fernando Castillo
|
Batting: SHB Patrick Larson
|
0-0: Ball 1-0: Fly out, F7 (Line Drive, 7)
|
Batting: RHB Troy Lau
|
0-0: Ball 1-0: Swinging Strike 1-1: Foul Ball, location: 2F 1-2: Ball 2-2: Ball 3-2: Strikes out looking
|
Batting: LHB Juan Acotia
|
0-0: Ball 1-0: Called Strike 1-1: Foul Ball, location: 2F 1-2: Ball 2-2: Foul Ball, location: 2F 2-2: Ball 3-2: Base on Balls
|
Batting: LHB Pedro Padilla
|
0-0: Swinging Strike 0-1: Ball 1-1: Called Strike Juan Acotia steals 2nd base 1-2: Foul Ball, location: 2F 1-2: Foul Ball, location: 2F 1-2: Fly out, F7 (Flyball, 78S)
|
Top of the 4th over - 0 run(s), 0 hit(s), 0 error(s), 1 left on base; Portland 2 - Havana 1 |
BOTTOM OF THE 4TH |
Havana Rollers batting - Pitching for Portland Privateers : RHP Héctor Negrón
|
Batting: RHB Jack Bailey
|
0-0: Ball 1-0: Foul Ball, location: 2F 1-1: Ball 2-1: Foul Ball, location: 2F 2-2: SINGLE (Groundball, 6D)
|
Batting: SHB Chris Bennis
|
0-0: Ball 1-0: DOUBLE (Groundball, 5L) Jack Bailey to third
|
Batting: LHB Phil Smith
|
0-0: Ball 1-0: Ball 2-0: Foul Ball, location: 2F 2-1: Ball 3-1: Fly out, F5 (Popup, 5L)
|
Batting: RHB Soshu Nakamura
|
0-0: Swinging Strike 0-1: Called Strike 0-2: Ball 1-2: Strikes out swinging
|
Batting: SHB Edgardo Osorio
|
0-0: Foul Ball, location: 2F 0-1: Called Strike 0-2: Ball 1-2: Ball 2-2: Reached on error, E3 (Groundball, 34) Jack Bailey scores Chris Bennis to third
|
Batting: RHB Yaichiro Sugahara
|
0-0: Called Strike 0-1: Called Strike 0-2: Fly out, F7 (Flyball, 7D)
|
Bottom of the 4th over - 1 run(s), 2 hit(s), 1 error(s), 2 left on base; Portland 2 - Havana 2 |
TOP OF THE 5TH |
Portland Privateers batting - Pitching for Havana Rollers : RHP Fernando Castillo
|
Batting: LHB Yasuhiko Onodera
|
0-0: Ball 1-0: Ball 2-0: Ground out 6-3 (Groundball, 6D)
|
Batting: RHB Tomás Estrada
|
0-0: Ball 1-0: Swinging Strike 1-1: Ball 2-1: Ground out 4-3 (Groundball, 4)
|
Batting: RHB Luis Pineda
|
0-0: Ball 1-0: Foul Ball, location: 2F 1-1: Swinging Strike 1-2: Fly out, F9 (Line Drive, 9)
|
Top of the 5th over - 0 run(s), 0 hit(s), 0 error(s), 0 left on base; Portland 2 - Havana 2 |
BOTTOM OF THE 5TH |
Havana Rollers batting - Pitching for Portland Privateers : RHP Héctor Negrón
|
Batting: RHB Francisco Rincón
|
0-0: SINGLE (Line Drive, 6M)
|
Batting: LHB Juan Romero
|
0-0: Called Strike 0-1: Ball 1-1: Ball 2-1: Swinging Strike 2-2: Strikes out looking
|
Batting: LHB Rafael Delgado
|
0-0: Ball Francisco Rincón is caught stealing 2nd base 1-0: Ball 2-0: SINGLE (Groundball, 34D)
|
Batting: RHB Jack Bailey
|
0-0: Ball 1-0: Foul Ball, location: 2F 1-1: Ball 2-1: Ball 3-1: SINGLE (Line Drive, 8RS) Rafael Delgado to second
|
Batting: SHB Chris Bennis
|
0-0: Ball 1-0: Called Strike 1-1: Fly out, F7 (Flyball, 78S)
|
Bottom of the 5th over - 0 run(s), 3 hit(s), 0 error(s), 2 left on base; Portland 2 - Havana 2 |
TOP OF THE 6TH |
Portland Privateers batting - Pitching for Havana Rollers : RHP Fernando Castillo
|
Batting: RHB Carlos Castro
|
0-0: Called Strike 0-1: Ball 1-1: Called Strike 1-2: Ball 2-2: Ball 3-2: Foul Ball, location: 2F 3-2: Fly out, F9 (Flyball, 9LSF)
|
Batting: RHB José Balina
|
0-0: Called Strike 0-1: Ball 1-1: Swinging Strike 1-2: Strikes out swinging
|
Batting: SHB Patrick Larson
|
0-0: Ball 1-0: Foul Ball, location: 2F 1-1: Ball 2-1: Swinging Strike 2-2: SINGLE (Line Drive, 6D)
|
Batting: RHB Troy Lau
|
0-0: Called Strike 0-1: Fly out, F9 (Flyball, 9LM)
|
Top of the 6th over - 0 run(s), 1 hit(s), 0 error(s), 1 left on base; Portland 2 - Havana 2 |
BOTTOM OF THE 6TH |
Havana Rollers batting - Pitching for Portland Privateers : RHP Héctor Negrón
|
Pitching: RHP Mario Ramos
|
|
Batting: LHB Phil Smith
|
0-0: Ball 1-0: Foul Ball, location: 2F 1-1: Fly out, F9 (Line Drive, 89S)
|
Batting: RHB Soshu Nakamura
|
0-0: Called Strike 0-1: Ball 1-1: SINGLE (Line Drive, 6D)
|
Batting: SHB Edgardo Osorio
|
0-0: Called Strike 0-1: Fly out, F9 (Flyball, 9LM)
|
Batting: RHB Yaichiro Sugahara
|
0-0: Called Strike Soshu Nakamura steals 2nd base 0-1: Ball 1-1: Swinging Strike 1-2: Ball 2-2: Ball 3-2: Foul Ball, location: 2F 3-2: Base on Balls
|
Batting: RHB Francisco Rincón
|
0-0: Ball 1-0: Ball 2-0: Foul Ball, location: 2F 2-1: Fielders Choice at 2nd, 5-4 (Groundball, 56)
|
Bottom of the 6th over - 0 run(s), 1 hit(s), 0 error(s), 1 left on base; Portland 2 - Havana 2 |
TOP OF THE 7TH |
Portland Privateers batting - Pitching for Havana Rollers : RHP Fernando Castillo
|
Pinch Hitting: LHB Dillon Beck
|
0-0: Called Strike 0-1: Ball 1-1: Ball 2-1: Foul Ball, location: 2F 2-2: Ball 3-2: Reached on error, E9 (Flyball, 9S)
|
Batting: LHB Pedro Padilla
|
0-0: Ball 1-0: Called Strike 1-1: Swinging Strike 1-2: Strikes out swinging
|
Batting: LHB Yasuhiko Onodera
|
0-0: Ball Dillon Beck is caught stealing 2nd base 1-0: Ball 2-0: Called Strike 2-1: Fly out, F8 (Line Drive, 8RD)
|
Top of the 7th over - 0 run(s), 0 hit(s), 1 error(s), 0 left on base; Portland 2 - Havana 2 |
BOTTOM OF THE 7TH |
Havana Rollers batting - Pitching for Portland Privateers : RHP Mario Ramos
|
Now in LF: Dillon Beck
|
|
Pinch Hitting: LHB Enrique Cortéz
|
0-0: Ball 1-0: Called Strike 1-1: Ball 2-1: Foul Ball, location: 2F 2-2: Foul Ball, location: 2F 2-2: Strikes out swinging
|
Batting: LHB Rafael Delgado
|
0-0: Ball 1-0: Ball 2-0: Foul Ball, location: 2F 2-1: Foul Ball, location: 2F 2-2: DOUBLE (Line Drive, 89M)
|
Batting: RHB Jack Bailey
|
0-0: Foul Ball, location: 2F 0-1: Ball 1-1: Foul Ball, location: 2F 1-2: Ground out 4-3 (Groundball, 4) Rafael Delgado to third
|
Batting: SHB Chris Bennis
|
0-0: Foul Ball, location: 2F 0-1: Foul Ball, location: 2F 0-2: Strikes out swinging
|
Bottom of the 7th over - 0 run(s), 1 hit(s), 0 error(s), 1 left on base; Portland 2 - Havana 2 |
TOP OF THE 8TH |
Portland Privateers batting - Pitching for Havana Rollers : RHP Fernando Castillo
|
Pitching: RHP Brad Sharpe
|
|
Now at SS: Chad Case
|
|
Batting: RHB Tomás Estrada
|
0-0: Ball 1-0: Ball 2-0: Ball 3-0: Called Strike 3-1: Foul Ball, location: 2F 3-2: Foul Ball, location: 2F 3-2: Foul Ball, location: 2F 3-2: Foul Ball, location: 2F 3-2: SINGLE (Line Drive, 7S)
|
Batting: RHB Luis Pineda
|
0-0: Bunted foul 0-1: Bunted foul 0-2: Foul Ball, location: 2F 0-2: Foul Ball, location: 2F 0-2: Ball 1-2: Foul Ball, location: 2F 1-2: Strikes out swinging
|
Batting: RHB Carlos Castro
|
0-0: Swinging Strike 0-1: Ball 1-1: Foul Ball, location: 2F 1-2: Ball 2-2: Strikes out swinging
|
Batting: RHB José Balina
|
0-0: Called Strike 0-1: Ball 1-1: Ball 2-1: Ball 3-1: Fly out, F6 (Popup, 5D)
|
Top of the 8th over - 0 run(s), 1 hit(s), 0 error(s), 1 left on base; Portland 2 - Havana 2 |
BOTTOM OF THE 8TH |
Havana Rollers batting - Pitching for Portland Privateers : RHP Mario Ramos
|
Batting: LHB Phil Smith
|
0-0: Ball 1-0: Swinging Strike 1-1: Ball 2-1: Foul Ball, location: 2F 2-2: Ball 3-2: Ground out U3 (Groundball, 34)
|
Pitching: RHP Tom Clement
|
|
Pinch Hitting: LHB Jimmy Husted
|
0-0: Ball 1-0: Fly out, F8 (Flyball, 8LS)
|
Batting: SHB Edgardo Osorio
|
0-0: Ground out 4-3 (Groundball, 4)
|
Bottom of the 8th over - 0 run(s), 0 hit(s), 0 error(s), 0 left on base; Portland 2 - Havana 2 |
TOP OF THE 9TH |
Portland Privateers batting - Pitching for Havana Rollers : RHP Brad Sharpe
|
Pitching: RHP Alejandro Pérez
|
|
Now in RF: Jimmy Husted
|
|
Batting: SHB Patrick Larson
|
0-0: Called Strike 0-1: Ball 1-1: Foul Ball, location: 2F 1-2: Strikes out swinging
|
Batting: RHB Troy Lau
|
0-0: Foul Ball, location: 2F 0-1: Ball 1-1: Foul Ball, location: 2F 1-2: Ball 2-2: Foul Ball, location: 2F 2-2: DOUBLE (Line Drive, 9LM)
|
Batting: LHB Dillon Beck
|
0-0: DOUBLE (Line Drive, 7LS) Troy Lau scores
|
Pitching: LHP Jorge Gómez
|
|
Batting: LHB Pedro Padilla
|
0-0: Called Strike 0-1: Ball 1-1: Swinging Strike 1-2: Ball 2-2: Ball 3-2: Strikes out swinging
|
Pitching: RHP Kei Hashimoto
|
|
Batting: LHB Yasuhiko Onodera
|
0-0: Foul Ball, location: 2F 0-1: Fly out, F8 (Flyball, 8LM)
|
Top of the 9th over - 1 run(s), 2 hit(s), 0 error(s), 1 left on base; Portland 3 - Havana 2 |
BOTTOM OF THE 9TH |
Havana Rollers batting - Pitching for Portland Privateers : RHP Tom Clement
|
Pitching: RHP George Nelson
|
|
Pinch Hitting: LHB Dave Gordon
|
0-0: Called Strike 0-1: Called Strike 0-2: Ball 1-2: Ball 2-2: Foul Ball, location: 2F 2-2: Hit by Pitch
|
Batting: RHB Francisco Rincón
|
0-0: Bunted foul 0-1: Sac Bunt - play at second, runner OUT! 5-6
|
Batting: RHB Chad Case
|
0-0: Ball 1-0: Reached on error, E5 (Groundball, 56) Francisco Rincón to second
|
Batting: LHB Rafael Delgado
|
0-0: Foul Ball, location: 2F 0-1: 3-RUN HOME RUN (Flyball, 89XD), Distance : 434 ft
|
Thursday, March 30th, 2017 - OOTP Baseball 17.12 Build 75
|
|